 Dungeon Crawl Stone Soup version 0.30-a0-354-g6b83867211 (webtiles) character file.

Game seed: 12780128192014999722

726 Maxmaps the Ruffian (level 7, -4/52 HPs)
             Began as a Demonspawn Gladiator on Nov 7, 2022.
             Killed from afar by a steam dragon (11 damage)
             ... with a ball of steam
             ... on level 5 of the Dungeon.
             The game lasted 00:03:49 (3196 turns).

Maxmaps the Ruffian (Demonspawn Gladiator)          Turns: 3196, Time: 00:03:51

Health: -4/52      AC:  6    Str: 15      XL:     7   Next: 44%
Magic:  7/7        EV: 10    Int: 11      God:
Gold:   251        SH:  4    Dex: 11 (14) Spells: 6/6 levels left

rFire   . . .      SeeInvis .      - Unarmed
rCold   . . .      Faith    .    y - +0 buckler
rNeg    . . .      Spirit   .    l - +0 ring mail
rPois   .          Reflect  .    (helmet restricted)
rElec   .          Harm     .    t - +0 cloak
rCorr   .          Rampage  .    (no gloves)
Will    .....                    (no boots)
Stlth   +.........               g - amulet of regeneration
HPRegen 1.08/turn                i - ring of wizardry
MPRegen 0.10/turn                (no ring)

@: no status effects
A: claws 2, hooves 1, horns 1, demonic magic 2
a: no special abilities


You were on level 5 of the Dungeon.
You visited 1 branch of the dungeon, and saw 5 of its levels.

You collected 251 gold pieces.

Inventory:

Missiles
 d - 3 throwing nets (quivered)
 e - a javelin
Armour
 l - a +0 ring mail (worn)
 t - a +0 cloak (worn)
 y - a +0 buckler (worn)
Jewellery
 g - an amulet of regeneration (around neck)
 i - a ring of wizardry (left claw)
Wands
 C - a wand of charming (8)
Scrolls
 a - 2 scrolls of identify {unknown}
 b - a scroll of summoning {unknown}
 c - 2 scrolls of immolation {unknown}
 j - a scroll of enchant weapon {unknown}
 m - 6 scrolls of magic mapping {unknown}
 n - a scroll of enchant armour {unknown}
 o - a scroll of vulnerability {unknown}
 q - 2 scrolls of amnesia {unknown}
 x - 2 scrolls of blinking {unknown}
 z - a scroll of noise {unknown}
 A - 2 scrolls of teleportation {unknown}
 B - a scroll of fear {unknown}
Potions
 f - a potion of ambrosia {unknown}
 h - a potion of degeneration {unknown}
 k - a potion of brilliance {unknown}
 p - a potion of invisibility {unknown}
 r - 3 potions of might {unknown}
 s - a potion of magic {unknown}
 u - a potion of berserk rage {unknown}
 v - 2 potions of curing {unknown}
 w - a potion of lignification {unknown}


   Skills:
 - Level 3.0 Fighting
 - Level 2.6 Polearms
 - Level 1.7 Throwing
 - Level 2.6 Dodging
 - Level 4.0 Shields
 + Level 5.7 Unarmed Combat


You had 6 spell levels left.
You didn't know any spells.
Your spell library contained the following spells:

 Spells                   Type           Power      Damage    Failure   Level
 Blink                    Tloc           0%         N/A       45%         2
 Ensorcelled Hibernation  Hex/Ice        0%         N/A       45%         2
 Momentum Strike          Conj/Tloc      0%         3d8       45%         2
 Lesser Beckoning         Tloc           0%         N/A       69%         3
 Spider Form              Tmut/Pois      0%         N/A       69%         3
 Stone Arrow              Conj/Erth      0%         3d7       69%         3
 Anguish                  Hex/Necr       0%         N/A       97%         4
 Animate Armour           Summ/Erth      0%         N/A       97%         4
 Manifold Assault         Tloc           0%         N/A       97%         4
 Olgreb's Toxic Radiance  Pois           0%         N/A       97%         4
 Dispersal                Tloc           0%         N/A       100%        6
 Ozocubu's Refrigeration  Ice            0%         4d7       100%        7
 Disjunction              Tloc           0%         N/A       100%        8
 Ignition                 Fire           0%         3d3       100%        8
 Lehudib's Crystal Spear  Conj/Erth      0%         10d2      100%        8


Dungeon Overview and Level Annotations

Branches:
Dungeon (5/15)
 Temple: D:4-7

Altars:
Okawaru
Yredelemnul


Innate Abilities, Weirdness & Mutations

You have very sharp fingernails.
You have large cloven feet.
You have a pair of small horns on your head.
Spells you cast may paralyse nearby enemies.


Message History

Found 5 boomerangs.
No target in view!
C - a wand of charming (8) No target in view!
No target in view!
No target in view!
A steam dragon comes into view.
The steam dragon hisses angrily.
The steam dragon moves out of view.
No target in view!
A steam dragon comes into view.
There are monsters nearby!
A steam dragon is nearby!
The steam dragon breathes steam at you.
The ball of steam hits the fungus!
The fungus begins to die.
The ball of steam hits you! The steam dragon breathes steam at you.
The ball of steam hits you!
No reachable target in view!
Unknown command.
You are engulfed in a cloud of scalding steam.
The fungus is engulfed in a cloud of scalding steam.
Okay, then.
A nearby fungus withers and dies.
The steam dragon breathes steam at you. The ball of steam hits you!
You are engulfed in a cloud of scalding steam.
* * * LOW HITPOINT WARNING * * *
You are engulfed in a cloud of scalding steam.
* * * LOW HITPOINT WARNING * * *
The steam dragon breathes steam at you. The ball of steam hits you!
* * * LOW HITPOINT WARNING * * *
You are engulfed in a cloud of scalding steam.
* * * LOW HITPOINT WARNING * * *
You are engulfed in a cloud of scalding steam.
* * * LOW HITPOINT WARNING * * *
The steam dragon breathes steam at you. The ball of steam hits you!
You die...

............######........#.#.#.#
............# #....##...#.#.#.
.########...# #.....####.#.#.#
(....####...# #.#.#.## ##.#.#.
####.##.....#.####†#....# #.#.#.#
#.##.....#...........# ##.#.#.
#.##.....######.#....# #.#.#.#
#.####...######.#....# ##.#.#.
#.# #.....§§@.......# #.#.#.# #.#
#.#D##......##..# ##.#.#. #.#
#.#§##~..P~.##..# #.#.#.#
####.####.#§##.~....##..####.#.#.
..........#§###~.~.P##......#.#.#
.###.######.###~..~###.#####.#.#.
.# #.#.....D..#..P.#........#.#.#
.# #.#.###.D###..P##.........#.#.
.###.#.###..# #........#.#.#


There were no monsters in sight!

Vanquished Creatures
  Eustachio (D:5)
  An ogre (D:4)
  A phantom (D:4)
  A scorpion (D:4)
  A necrophage (D:5)
  3 hounds (D:5)
  Crazy Yiuf (D:3)
  7 gnolls
  4 adders
  A worm (D:2)
  2 dart slugs (D:2)
  2 orcs (D:4)
  10 bats
  11 endoplasms
  4 giant cockroaches
  3 goblins
  7 hobgoblins
  6 jackals
  3 quokkas
  5 ball pythons
  3 frilled lizards
  11 kobolds
  9 rats
97 creatures vanquished.

Vanquished Creatures (others)
  3 fungi (D:5)
3 creatures vanquished.

Grand Total: 100 creatures vanquished

Notes
Turn   | Place    | Note
-------+----------+-------------------------------------------
     0 | D:1      | Maxmaps the Demonspawn Gladiator began the quest for the
                  | Orb.
     0 | D:1      | Reached XP level 1. HP: 16/16 MP: 1/1
    68 | D:1      | Discovered your monstrous ancestry.
    68 | D:1      | Gained mutation: You have sharp fingernails. [demonic
                  | ancestry]
    68 | D:1      | Reached XP level 2. HP: 20/23 MP: 2/2
   253 | D:1      | Reached skill level 1 in Unarmed Combat
   316 | D:1      | Gained mutation: You have large cloven feet. [demonic
                  | ancestry]
   316 | D:1      | Reached XP level 3. HP: 29/29 MP: 3/3
   748 | D:2      | Reached skill level 2 in Unarmed Combat
  1044 | D:2      | Found a faded altar of an unknown god.
  1054 | D:2      | Gained mutation: You have a pair of small horns on your
                  | head. [demonic ancestry]
  1054 | D:2      | Reached XP level 4. HP: 35/35 MP: 4/4
  1423 | D:3      | Found an iron altar of Okawaru.
  1470 | D:3      | Found a basalt altar of Yredelemnul.
  1952 | D:3      | Found a runed translucent door.
  1953 | D:3      | Noticed Crazy Yiuf
  1962 | D:3      | Killed Crazy Yiuf
  1963 | D:3      | Reached skill level 3 in Unarmed Combat
  2039 | D:4      | Noticed a phantom
  2061 | D:4      | Killed a phantom
  2062 | D:4      | Reached skill level 4 in Unarmed Combat
  2062 | D:4      | Gained mutation: Spells you cast may paralyse adjacent
                  | enemies. [demonic ancestry]
  2062 | D:4      | Reached XP level 5. HP: 37/41 MP: 5/5
  2194 | D:4      | Reached skill level 5 in Unarmed Combat
  2194 | D:4      | Gained mutation: Spells you cast may paralyse nearby
                  | enemies. [demonic ancestry]
  2194 | D:4      | Reached XP level 6. HP: 47/47 MP: 6/6
  2576 | D:5      | Entered Level 5 of the Dungeon
  2602 | D:5      | Reached skill level 1 in Shields
  2719 | D:5      | Gained mutation: You have very sharp fingernails. [demonic
                  | ancestry]
  2719 | D:5      | Reached XP level 7. HP: 52/52 MP: 7/7
  2964 | D:5      | Noticed Eustachio
  2995 | D:5      | Killed Eustachio
  3168 | D:5      | Noticed a steam dragon
  3169 | D:5      | Noticed a steam dragon
  3192 | D:5      | HP: 2/52 [something] (8)]
  3196 | D:5      | Killed from afar by a steam dragon

Illustrated notes

Levels and vault maps discovered:
D:1:      minmay_arrival_floating_metal, layout_rooms
D:2:      layout_basic, serial_bayou, serial_bayou_pond_d, serial_bayou_shore_b,
          serial_bayou_pond_b, serial_bayou_pond_d,
          hellmonk_ecumenical_altar_dog_temple, hangedman_feature_mirror,
          minmay_misc_feat_encased
D:3:      layout_basic, mainiacjoe_overflow_large_starburst,
          serial_corexii_hall, corexii_hall_statues_x, corexii_hall_statues_s,
          uniq_crazy_yiuf_cottage
D:4:      layout_rooms
D:5:      kennysheep_steamy, layout_basic, uniq_eustachio

Skill      XL: |  1  2  3  4  5  6  7 |
---------------+----------------------+-----
Fighting       | 3 |  3.0
Unarmed Combat | 1 2 4 5 |  5.7
Shields        | 2 4 |  4.0
Polearms       | |  2.6
Throwing       | |  1.7
Dodging        | |  2.6

Action                   |  1- 3 |  4- 6 |  7- 9 || total
-------------------------+-------+-------+-------++-------
Melee: Trident           |    80 |       |       ||    80
       Unarmed           |    94 |   116 |    50 ||   260
       Punch             |     2 |     1 |       ||     3
       Kick              |    20 |    32 |    12 ||    64
       Headbutt          |       |    20 |    11 ||    31
 Stab: Distracted        |     1 |       |       ||     1
Armor: Leather armour    |    37 |       |       ||    37
       Ring mail         |    44 |    28 |    39 ||   111
Dodge: Dodged            |   150 |    59 |    46 ||   255
Block: Buckler           |       |     5 |    16 ||    21

Table legend: (Time is in decaauts)
 A = Elapsed time spent in this place.
 B = Non-inter-level travel time spent in this place.
 C = Inter-level travel time spent in this place.
 D = Time resting spent in this place.
 E = Time spent auto-exploring this place.
 F = Levels seen in this place.
 G = Mean time per level.
                   A        B        C        D        E       F      G
               +--------+--------+--------+--------+--------+-----+--------+
         Total |   3223 |   3078 |    145 |     55 |   2293 |   5 |  644.6 |
       Dungeon |   3223 |   3078 |    145 |     55 |   2293 |   5 |  644.6 |
               +--------+--------+--------+--------+--------+-----+--------+

Top non-repeatable levels by time:
     D:1: 716 daAuts
     D:3: 696 daAuts
     D:2: 639 daAuts
     D:5: 615 daAuts
     D:4: 554 daAuts
